 Dungeon Crawl Stone Soup version 0.20.1-1-g8b1a95d (webtiles) character file.

183 Monsterracer the Shooter (level 5, -1/45 HPs)
             Began as a Centaur Hunter on July 3, 2017.
             Was an Initiate of Okawaru.
             Killed from afar by Sigmund (10 damage)
             ... with a magic dart
             ... on level 4 of the Dungeon.
             The game lasted 00:09:38 (2970 turns).

Monsterracer the Shooter (Centaur Hunter)           Turns: 2970, Time: 00:09:39

Health: -1/45      AC:  4    Str: 14    XL:     5   Next: 35%
Magic:  5/5        EV:  9    Int: 10    God:    Okawaru [......]
Gold:   134        SH:  0    Dex: 11    Spells: 4/4 levels left

rFire    . . .     SeeInvis .   a - +1 shortbow
rCold    . . .     Gourm    .   (shield currently unavailable)
rNeg     . . .     Faith    .   c - +0 leather armour
rPois    .         Spirit   .   (helmet restricted)
rElec    .         Reflect  .   (no cloak)
rCorr    .         Harm     .   (no gloves)
MR       .....                  (no barding)
Stlth    +.........             t - amulet of rage
Regen    0.2/turn               (no ring)
MPRegen  0.1/turn               (no ring)

@: very quick
A: hooves 3, horns 1, deformed body, speed 2, low mp 1, tough skin 3
a: Renounce Religion, Evoke Berserk Rage


You were on level 4 of the Dungeon.
You worshipped Okawaru.
Okawaru was noncommittal.
You were hungry.

You visited 1 branch of the dungeon, and saw 4 of its levels.

You collected 134 gold pieces.

Inventory:

Hand Weapons
 a - a +1 shortbow (weapon)
 b - a +2 dagger of flaming
 m - a +0 spear
Missiles
 d - 38 arrows (quivered)
Armour
 c - a +0 leather armour (worn)
 k - a +0 large shield
Jewellery
 t - an amulet of rage (around neck)
Scrolls
 e - a scroll of identify
 h - a scroll of immolation
 n - a scroll of remove curse
 q - a scroll of magic mapping {unknown}
 r - a scroll of random uselessness {unknown}
 s - a scroll of fog {unknown}
Potions
 j - a potion of resistance
 l - a potion of curing
 p - 2 potions of brilliance
Comestibles
 f - 5 bread rations
 g - 2 fruits
 i - a royal jelly


   Skills:
 + Level 3.5 Fighting
 + Level 0.3 Polearms
 * Level 7.1 Bows
 + Level 1.6 Dodging
 - Level 0.4 Stealth
 + Level 1.6 Invocations


You had 4 spell levels left.
You didn't know any spells.

Dungeon Overview and Level Annotations

Branches:
Dungeon (4/15)
 Temple: D:4-7

Altars:
Cheibriados
Fedhas
Hepliaklqana
Okawaru

Shops:
D:4 }

Annotations:
D:4 Sigmund


Innate Abilities, Weirdness & Mutations

You have hooves in place of feet.
Armour fits poorly on your strangely shaped body.
You cover ground very quickly.
You have extremely tough skin. (AC +3)
You have a pair of small horns on your head.
Your magical capacity is low. (-10% MP)


Message History

You shoot an arrow. The arrow completely misses Sigmund.
Sigmund mumbles some strange words.
Sigmund flickers and vanishes!
Deactivating autopickup; reactivate with Ctrl-A.
Firing (i - inventory):
d - 41 arrows (quivered)
Press: ? - help, Shift-Dir - straight line, f - you Really target yourself?
Okay, then.
Fire/throw which item? (* to show all) (? for menu, Esc to quit)
Press: ? - help, Shift-Dir - straight line You shoot an arrow.
Fire/throw which item? (* to show all) (? for menu, Esc to quit)
Press: ? - help, Shift-Dir - straight line You shoot an arrow.
Firing (i - inventory):
d - 39 arrows (quivered)
Press: ? - help, Shift-Dir - straight line You shoot an arrow.
A magic dart appears from out of thin air!
The magic dart hits you!
You die...

#......#.....#......'.......
#......#.....#......#......÷
#......#.....#......#......#
#......#.....#......#÷.....#
#......###'###......#......#
.....................#÷.....#
.....................#......#
.....................#......#
............@........+......#
.....................#......#
############'###.....########
...(. #.(.#...>.# ..(.
#...#.....# ... #.(.#.....+
.. #..(#.....# #. #.(##.....#
..####.#####'#......#


There were no monsters in sight!

Vanquished Creatures
  A howler monkey (D:4)
  Jessica (D:2)
  A worker ant (D:4)
  2 adders
  A dart slug (D:3)
  3 leopard geckos
  An orc (D:3)
  3 bats
  4 giant cockroaches
  10 goblins
  13 hobgoblins
  6 jackals
  2 quokkas (D:2)
  A ball python zombie (D:1)
  5 frilled lizards
  7 kobolds
  A quokka zombie (D:1)
  8 rats
70 creatures vanquished.

Notes
Turn   | Place    | Note
-------+----------+-------------------------------------------
     0 | D:1      | Monsterracer the Centaur Hunter began the quest for the Orb.
     0 | D:1      | Reached XP level 1. HP: 17/17 MP: 1/1
   252 | D:1      | Reached XP level 2. HP: 24/25 MP: 2/2
   738 | D:2      | Noticed Jessica
   753 | D:2      | Killed Jessica
   753 | D:2      | Reached skill level 6 in Bows
   753 | D:2      | Reached XP level 3. HP: 12/31 MP: 3/3
  1211 | D:2      | Found a snail-covered altar of Cheibriados.
  1232 | D:2      | Found a blossoming altar of Fedhas.
  1317 | D:2      | Reached XP level 4. HP: 24/38 MP: 4/4
  1761 | D:3      | Found an iron altar of Okawaru.
  1775 | D:3      | Became a worshipper of Warmaster Okawaru
  2086 | D:3      | Found a faded altar of an unknown god.
  2247 | D:3      | Gained mutation: Your magical capacity is low. (-10% MP) [potion of mutation]
  2247 | D:3      | Gained mutation: You have a pair of small horns on your head. [potion of mutation]
  2628 | D:4      | Reached skill level 1 in Invocations
  2636 | D:4      | Reached skill level 7 in Bows
  2636 | D:4      | Reached XP level 5. HP: 35/45 MP: 5/5
  2652 | D:4      | Found a hazy altar of Hepliaklqana.
  2759 | D:4      | Found Texzi's Gadget Shoppe.
  2940 | D:4      | Noticed Sigmund
  2970 | D:4      | Killed from afar by Sigmund

Skill      XL: |  1  2  3  4 |
---------------+-------------+-----
Fighting       | 3 |  3.5
Bows           | 6 7 |  7.1
Invocations    | 1 |  1.6
Polearms       | |  0.3
Dodging        | |  1.6
Stealth        | |  0.4

Action                   |  1- 3 |  4- 6 || total
-------------------------+-------+-------++-------
Melee: Short sword       |    60 |       ||    60
       Kick              |    20 |     6 ||    26
       Dagger            |    52 |    65 ||   117
       Headbutt          |       |     2 ||     2
 Fire: Shortbow          |    17 |    40 ||    57
  Use: Potion            |     2 |     4 ||     6
       Scroll            |       |     4 ||     4
  Eat: Chunk             |     1 |     3 ||     4
Armor: Leather armour    |    43 |    12 ||    55
Dodge: Dodged            |    69 |    29 ||    98
